 Dungeon Crawl Stone Soup version 0.30.1 (webtiles) character file.

Game seed: 6836151943058368824

2365 Dordric the Carver (level 9, -7/58 HPs)
             Began as a Djinni Warper on June 30, 2023.
             Was a Believer of Makhleb.
             Mangled by a freezing wraith (8 damage)
             ... on level 7 of the Dungeon on July 1, 2023.
             The game lasted 00:14:07 (7923 turns).

Dordric the Carver (Djinni Warper)                  Turns: 7923, Time: 00:14:08

Health: -7/58      AC: 10    Str: 10    XL:     9   Next: 72%
Gold:   393        EV: 11    Int: 16    God:    Makhleb [**....] SH:  3 Dex: 16

rFire   + + .        F - +2 dagger (venom)
rCold   x . .        p - +0 buckler
rNeg    . . .        E - +3 leather armour "Gica" {Regen+ MP+9}
rPois   ∞            i - +0 helmet
rElec   .            h - +1 cloak
rCorr   .            s - +0 pair of gloves
SInv    .            (boots unavailable)
Will    .....        (no amulet)
Stlth   +            (no ring)
HPRegen 1.09/turn    (no ring)
MPRegen 0.00/turn

%: infuse magic (-8 HP)
@: flying, very slightly contaminated, slowed, very slow
A: sickness immunity, fire resistance 2, cold vulnerability 1, float, innate
caster, HP casting, extra vitality 1
a: Renounce Religion, Minor Destruction


You were on level 7 of the Dungeon.
You worshipped Makhleb.
Makhleb was pleased with you.
You visited 1 branch of the dungeon, and saw 7 of its levels.

You collected 393 gold pieces.

Inventory:

Hand Weapons
 a - a +0 falchion
 f - a +3 dagger of protection
 F - a +2 dagger of venom (weapon)
Missiles
 d - 7 boomerangs of dispersal
 G - 2 boomerangs
Armour
 b - a +0 leather armour
 g - a +0 cloak
 h - a +1 cloak (worn)
 i - a +0 helmet (worn)
 j - a +0 ring mail
 p - a +0 buckler (worn)
 s - a +0 pair of gloves (worn)
 E - the +3 leather armour "Gica" (worn) {Regen+ MP+9}
   (You took it off an orc priest on level 6 of the Dungeon)

   MP:        It affects your magic capacity (+9).
   Regen:     It increases your rate of health regeneration.
Magical Staves
 A - a staff of air
Wands
 D - a wand of polymorph (4)
Scrolls
 c - 4 scrolls of blinking
 k - a scroll of enchant weapon {unknown}
 l - 5 scrolls of identify
 q - 2 scrolls of fog {unknown}
 t - 5 scrolls of magic mapping
 u - 2 scrolls of noise {unknown}
 x - 3 scrolls of brand weapon {unknown}
 y - 2 scrolls of amnesia {unknown}
 C - 2 scrolls of immolation {unknown}
 H - a scroll of poison
Potions
 e - a potion of attraction {unknown}
 m - 3 potions of curing {unknown}
 n - 2 potions of mutation {unknown}
 r - 2 potions of flight {unknown}
 v - a potion of resistance {unknown}
 w - 3 potions of brilliance {unknown}
 z - a potion of invisibility {unknown}
 B - 2 potions of heal wounds {unknown}


   Skills:
 - Level 2.0 Fighting
 + Level 9.4 Long Blades
 - Level 0.7 Throwing
 - Level 1.0 Armour
 - Level 2.1 Dodging
 + Level 6.0 Spellcasting


You knew the following spells:

 Your Spells              Type           Power      Damage    Failure   Level
a - Blink                 Tloc           48%        N/A       3%          2
b - Lesser Beckoning      Tloc           48%        N/A       3%          2
c - Vhi's Electric Charg  Tloc/Air       48%        N/A       7%          3
d - Teleport Other        Tloc           24%        N/A       7%          3
e - Manifold Assault      Tloc           24%        N/A       24%         4
f - Sandblast             Erth           48%        2d12      2%          1
g - Call Imp              Summ           48%        N/A       3%          2
h - Stone Arrow           Conj/Erth      48%        3d10      7%          3
i - Sticky Flame          Conj/Fire      24%        2d5       24%         4
Your spell library was empty.

Dungeon Overview and Level Annotations

Branches:
Dungeon (7/15)             Temple (0/1) D:7

Altars:
Makhleb
Qazlal
Wu Jian
Xom
The Shining One

Shops:
D:2 (   D:7 [


Innate Abilities, Weirdness & Mutations

You are immune to sickness and miasma.
You are immune to poison.
Your flesh is very heat resistant. (rF++)
You are vulnerable to cold. (rC-)
You float through the air rather than walking.
You learn spells naturally, not from books.
Your magical power is your life essence.
You have superior vitality. (+4 MHP)


Message History

You see here a +0 scale mail.
There is a stone staircase leading down here.
You fly downwards.
There is a stone staircase leading up here.
There is an open door here.
A freezing wraith is nearby!
You can't see any susceptible monsters within range! (Use Z to cast anyway.)
Casting: Stone Arrow (dangerous; 7% risk of failure)
Confirm with . or Enter, or press ? or * to list all spells.
Okay, then.
You can't see any susceptible monsters within range! (Use Z to cast anyway.)
The stone arrow hits the freezing wraith!
The freezing wraith is moderately damaged.
You miscast Stone Arrow.
You are very lightly contaminated with residual magic.
Nothing appears to happen.
Casting: Stone Arrow (dangerous; 7% risk of failure)
Confirm with . or Enter, or press ? or * to list all spells.
Okay, then.
Casting: Stone Arrow (dangerous; 7% risk of failure)
Confirm with . or Enter, or press ? or * to list all spells.
Aiming: Teleport Other (dangerous; 7% risk of failure)
Press: ? - help, Shift-Dir - straight line, f/p - freezing wraith
Aim: a freezing wraith (lightly damaged, chance to affect: 47%)
You miscast Teleport Other.
Nothing appears to happen.
The freezing wraith attacks as you move away!
The freezing wraith hits you. The freezing wraith freezes you!!
You feel a terrible chill!
Ouch! That really hurt!
The freezing wraith hits you.
* * * LOW HITPOINT WARNING * * *
The freezing wraith drains your vigour!
You feel yourself slow down.
There is a staircase to the Ecumenical Temple here.
The freezing wraith hits you.
* * * LOW HITPOINT WARNING * * *
The freezing wraith freezes you!
You feel a terrible chill!
* * * LOW HITPOINT WARNING * * *
The freezing wraith hits you but does no damage. x2
The freezing wraith hits you!
You die...

.....< .... ............. #...#
....# #..####....##
####...##...##..#..##..####....##
#.......#.......#................
........#.....#.#.#..............
........#......###...............
.....)..#...#...#...#............
....).).#....#..W..#.............
......)([.#####.@.#####..........
####'##....#.....#.....##....##
####.).##...#...#...#...+########
.....zz#.......###........#....#.
.......#......#.#.#.......#....#.
......z+........#.........#....#.
.......#...<##..#..##.....#....#.
.......#....# #...###.....#....'.
.......##...# ............'....#.


You could see a freezing wraith.

Vanquished Creatures
  Maggie (D:6)
  A wyvern (D:6)
  A steam dragon (D:6)
  A water moccasin (D:6)
  An ice beast (D:6)
  A black bear (D:6)
  2 ogres (D:5)
  A phantom (D:5)
  A kobold brigand (D:7)
  2 bullfrogs (D:6)
  5 scorpions
  3 wights (D:7)
  4 orc priests (D:6)
  A gnoll bouda (D:7)
  Crazy Yiuf (D:6)
  2 iguanas (D:6)
  6 orc wizards
  8 gnolls
  7 adders
  A shadow imp (D:7)
  4 white imps
  An ufetubus (D:5)
  6 worms
  3 dart slugs
  10 orcs
  5 bats
  6 endoplasms
  4 giant cockroaches
  4 goblins
  9 hobgoblins
  8 jackals
  4 quokkas
  5 ball pythons
  5 frilled lizards
  10 kobolds
  3 rats
137 creatures vanquished.

Notes
Turn   | Place    | Note
-------+----------+-------------------------------------------
     0 | D:1      | Dordric the Djinni Warper began the quest for the Orb.
     0 | D:1      | Dordric set off with the following spells memorised: Blink,
                  | Lesser Beckoning, Vhi's Electric Charge, Teleport Other,
                  | Manifold Assault.
     0 | D:1      | Reached XP level 1. HP: 18/18 MP: 0/0
   143 | D:1      | Reached skill level 2 in Long Blades
   249 | D:1      | Reached XP level 2. HP: 23/23 MP: 0/0
   633 | D:1      | Reached XP level 3. HP: 28/28 MP: 0/0
   633 | D:1      | Learned a level 1 spell: Sandblast
   636 | D:1      | Reached skill level 3 in Long Blades
  1079 | D:2      | Reached XP level 4. HP: 33/33 MP: 0/0
  1357 | D:2      | Reached skill level 4 in Long Blades
  1471 | D:2      | Found Pierghor's Weapon Emporium.
  1766 | D:3      | Noticed a centaur
  2116 | D:2      | Upgraded the game from 0.30.0-30-g96aa6591b8 to 0.30.1
  2294 | D:3      | You are sucked into a shaft and drop 2 floors!
  2294 | D:5      | Entered Level 5 of the Dungeon
  2323 | D:4      | Reached XP level 5. HP: 23/38 MP: 0/0
  2323 | D:4      | Learned a level 2 spell: Call Imp
  2426 | D:3      | Found a faded altar of an unknown god.
  2500 | D:3      | Found a burning altar of Makhleb.
  2513 | D:3      | Became a worshipper of Makhleb the Destroyer
  3439 | D:4      | Found a stormy altar of Qazlal.
  3440 | D:4      | Noticed a water elemental
  3443 | D:4      | Noticed a fire elemental
  3443 | D:4      | Noticed an air elemental
  3652 | D:4      | Reached skill level 5 in Long Blades
  3687 | D:4      | Reached XP level 6. HP: 37/43 MP: 0/0
  4113 | D:5      | Found a shimmering altar of Xom.
  4114 | D:5      | Found an ornate altar of the Wu Jian Council.
  4202 | D:5      | Noticed an ogre
  4276 | D:5      | Reached * piety under Makhleb
  4555 | D:5      | Reached skill level 6 in Long Blades
  4632 | D:5      | Noticed an ogre
  4677 | D:5      | Reached XP level 7. HP: 36/49 MP: 0/0
  4677 | D:5      | Learned a level 3 spell: Stone Arrow
  5087 | D:5      | Reached skill level 7 in Long Blades
  5876 | D:6      | Reached XP level 8. HP: 34/54 MP: 0/0
  6072 | D:6      | Noticed a wyvern
  6096 | D:6      | Found a glowing golden altar of the Shining One.
  6397 | D:6      | Noticed Maggie
  6403 | D:6      | Killed Maggie
  6404 | D:6      | Reached skill level 8 in Long Blades
  6639 | D:6      | Identified the +3 leather armour "Gica" {Regen+ MP+9}
  6704 | D:6      | Reached XP level 9. HP: 47/58 MP: 0/0
  6704 | D:6      | Learned a level 4 spell: Sticky Flame
  6795 | D:6      | Reached skill level 5 in Spellcasting
  6952 | D:6      | Reached skill level 9 in Long Blades
  7180 | D:6      | Found a runed translucent door.
  7183 | D:6      | Noticed Crazy Yiuf
  7192 | D:6      | Killed Crazy Yiuf
  7549 | D:7      | Found Muupusk's Antique Armour Boutique.
  7777 | D:7      | Reached ** piety under Makhleb
  7778 | D:7      | Noticed a freezing wraith
  7780 | D:7      | Noticed a freezing wraith
  7841 | D:7      | Found a staircase to the Ecumenical Temple.
  7923 | D:7      | HP: 1/58 [freezing wraith (15)]
  7923 | D:7      | Mangled by a freezing wraith

Illustrated notes

Levels and vault maps discovered:
D:1:      sevenhm_arrival_forest_fort_small_4, layout_basic
D:2:      layout_basic, serial_shops, nicolae_shop_stone
D:3:      layout_basic, overflow_temple_1_default, ebering_ecumenical_altar_box,
          nicolae_elevator_lobby_asterisk
D:4:      layout_rooms, nicolae_qazlal_style_of_elements
D:5:      layout_layer_cave, nicolae_overflow_squiral,
          minmay_fractal_squares_gapless_5
D:6:      layout_loops_ring, mainiacjoe_overflow_catch_the_wave,
          uniq_crazy_yiuf_cottage, uniq_maggie
D:7:      layout_gridville, minmay_temple_entry_arrows, serial_shops, shop,
          eino_curves_03, hellmonk_guarded_unrand_frostbite

Skill      XL: |  1  2  3  4  5  6  7  8  9 |
---------------+----------------------------+-----
Long Blades    | 2 3 4 5 6 7 8 9 |  9.4
Spellcasting   | 3 4 6 |  6.0
Fighting       | |  2.0
Throwing       | |  0.7
Armour         | |  1.0
Dodging        | |  2.1

Action                     |  1- 3 |  4- 6 |  7- 9 || total
---------------------------+-------+-------+-------++-------
  Melee: Dagger            |   114 |   310 |   174 ||   598
         Falchion          |     1 |       |       ||     1
         Punch             |     2 |       |       ||     2
   Cast: Call Imp          |       |       |     6 ||     6
         Sandblast         |       |       |     2 ||     2
         Stone Arrow       |       |       |    83 ||    83
         Blink             |       |       |     4 ||     4
    Use: Scroll            |       |     5 |     4 ||     9
   Stab: Distracted        |       |       |     1 ||     1
 Armour: Leather armour    |    35 |       |    56 ||    91
         Ring mail         |    31 |   124 |    22 ||   177
  Dodge: Dodged            |    67 |   126 |    89 ||   282
  Block: Buckler           |       |    34 |    17 ||    51
